 Dungeon Crawl Stone Soup version 0.17.1-3-g152610e (webtiles) character file.

72 ololoev the Chopper (level 4, 6/36 HPs)
             Began as a Demonspawn Fighter on Feb 18, 2016.
             Quit the game in a sewer.
             The game lasted 00:04:25 (577 turns).

ololoev the Chopper (Demonspawn Fighter)             Turns: 577, Time: 00:04:25

Health: 6/36       AC:  7    Str: 18    XL:     4   Next: 7%
Magic:  3/4        EV:  7    Int:  9    God:
Gold:   60         SH:  8    Dex: 12    Spells: 0 memorised, 3 levels left

rFire  . . .     SeeInvis .     a - +0 war axe
rCold  . . .     Clarity  .     b - +0 scale mail
rNeg   . . .     SustAt   .     c - +0 shield
rPois  .         Gourm    .     (no helmet)
rElec  .         Spirit   +     (no cloak)
rCorr  .         Warding  .     (no gloves)
rMut   .         Stasis   .     (no boots)
MR     .....                    k - amulet of guardian spirit
Stlth  ..........               (no ring)
                                m - ring of wizardry

@: not resistant to hostile enchantments, extremely unstealthy
A: talons 2, rugged brown scales 1
a: no special abilities


Innate Abilities, Weirdness & Mutations

You have razor-sharp toenails.
You are partially covered in rugged brown scales (AC +1, +3% HP).

Inventory:

Hand Weapons
 a - a +0 war axe (weapon)
Armour
 b - a +0 scale mail (worn)
 c - a +0 shield (worn)
Jewellery
 i - an uncursed ring of teleportation
 k - an amulet of guardian spirit (around neck)
 m - a ring of wizardry (left hand)
Wands
 r - a wand of confusion (14)
Scrolls
 f - 2 scrolls of remove curse
 h - a scroll of random uselessness {unknown}
 l - a scroll of enchant armour {unknown}
Potions
 g - a potion of flight {unknown}
 n - a potion of heal wounds {unknown}
 o - a potion of brilliance {unknown}
 p - 2 potions of cure mutation {unknown}
 q - a potion of curing {unknown}
Comestibles
 e - a bread ration
 j - a meat ration


   Skills:
 - Level 3.0 Fighting
 * Level 3.3 Axes
 + Level 3.3 Armour
 - Level 2.6 Shields
 + Level 0.8 Evocations


You had 3 spell levels left.
You didn't know any spells.
You were in a sewer. You were not hungry. You visited 1 branch of the dungeon, and saw 4 of its levels. You also visited: Sewer. You collected 60 gold pieces. #≈≈≈≈≈≈ #≈≈≈≈≈≈# #≈≈≈≈≈≈ #≈≈≈≈≈≈# #≈≈≈≈≈≈ #≈≈≈≈≈≈# #≈≈≈≈≈≈ #≈≈≈≈≈≈# #≈≈≈≈≈≈ #≈≈≈≈≈≈# #≈≈†≈≈≈ #≈≈≈≈≈≈# #≈≈†≈≈≈ #≈≈≈≈≈≈# #≈≈≈≈≈≈ #.≈.@≈≈# #≈≈.... #......## ##...... ##......######......# #........##........# ##................## ##..............## ###..........### ####....#### ######

Notes
Turn   | Place    | Note
--------------------------------------------------------------
     0 | D:1      | ololoev the Demonspawn Fighter began the quest for the Orb.
     0 | D:1      | Reached XP level 1. HP: 18/18 MP: 1/1
   143 | D:2      | Gained mutation: You are partially covered in rugged brown scales (AC +1, +3% HP). [demonic ancestry]
   143 | D:2      | Reached XP level 2. HP: 18/24 MP: 0/2
   359 | D:4      | Found a snail-covered altar of Cheibriados.
   419 | D:3      | Gained mutation: You have sharp toenails. [demonic ancestry]
   419 | D:3      | Reached XP level 3. HP: 29/29 MP: 1/3
   478 | D:4      | Found a glowing drain.
   500 | Sewer    | Entered a sewer
   559 | Sewer    | Gained mutation: You have razor-sharp toenails. [demonic ancestry]
   559 | Sewer    | Reached XP level 4. HP: 7/36 MP: 2/4
   577 | Sewer    | Quit the game

Dungeon Overview and Level Annotations

Branches:
Dungeon (4/15)
 Temple: D:4-7

Altars:
Cheibriados


Message History

You hit the rat.
You kill the rat!
Things that are here:
a rat corpse x3
An adder comes into view.
The adder bites you. You block the adder's attack.
You hit the adder. Your kick misses the adder.
The adder is moderately wounded.
You block the adder's attack. x2
Evoke which item? (* to show all) (? for menu, Esc to quit)
Zapping:
r - a wand of confusion (will waste charges)
Press: ? - help, Shift-Dir - straight line, f - adder
Aim: an adder (moderately wounded, chance to defeat MR: 55%)
The adder appears confused.
Evoking this partially-identified wand wasted a few charges.
The adder barely misses itself.
You slash the adder!
You kill the adder!
You have reached level 4!
You feel stronger.
Your demonic ancestry asserts itself...
Your toenails lengthen and sharpen.
A ball python comes into view.
You closely miss the ball python.
The ball python bites you but does no damage.
The ball python grabs you. The ball python constricts you.
You hit the ball python. Your kick misses the ball python.
The ball python is moderately wounded.
The ball python bites you. The ball python constricts you.
You block the ball python's attack. The ball python constricts you.
You hit the ball python.
You kill the ball python!
What do you say? t - Shout!
Orders for allies: a - Attack new target. r - Retreat! s - Stop attacking. w - Wait here. f - Follow me.
Anything else - Stay silent.
You shout for attention!
Are you sure you want to abandon this character and quit the game? (Confirm with "yes".)

There were no monsters in sight!

Vanquished Creatures
  A river rat (Sewer)
  3 adders
  A worm (D:2)
  A giant gecko (D:3)
  4 orcs (D:3)
  5 bats
  2 giant cockroaches (D:4)
  A goblin (D:2)
  2 hobgoblins
  2 kobolds
  2 ball pythons
  2 giant newts
  8 rats
34 creatures vanquished.

Action                   |  1- 3 |  4- 6 || total
-------------------------+-------+-------++-------
Melee: War axe           |   109 |     3 ||   112
Evoke: Wand              |     1 |       ||     1
  Use: Scroll            |     1 |       ||     1
       Potion            |     1 |       ||     1

Vault maps used:
D:1:      eino_arrival_tree_alley, kennysheep_doodads
D:2:      lemuel_doored_altar, serial_bayou, serial_bayou_lake_a,
          serial_bayou_pond_c, serial_bayou_ford_a, serial_bayou_crossing,
          first_bread
D:3:      marbit_many_paths
D:4:      cheibriados_altar_1, gup_sewer_entry_glass, minmay_misc_feat_iff
Sewer:    sewer_minmay_w
